Description

Strong one base push for TvT. Hits around 5:15 with 3 tanks, 9-10 marines, and most importantly air control with 3 vikings + liberator. If opposing player opens raven you can handle it with vikings. Siege enemy tanks with lib and win, ggez.

credit: DeathOnCall

Replay - TvT one base push

Build Order

Get SALT Encoding   

  12  0:01  SCV  
  13  0:13  SCV  
  14  0:17  Supply Depot  
  14  0:25  SCV  
  15  0:29  Refinery  
  15  0:39  SCV  
  16  0:45  Barracks  
  16  0:51  SCV  
  16  0:56  Refinery  
  17  1:03  SCV  
  18  1:18  SCV  
  19  1:32  Orbital Command  
  19  1:33  Factory  
  19  1:36  Marine  
  20  1:47  Supply Depot  
  20  1:57  Marine  
  20  1:58  SCV  
  22  2:10  SCV  
  23  2:18  Factory Tech Lab, Starport  
  23  2:20  Marine  
  24  2:23  SCV  
  24  2:28  Supply Depot  
  26  2:38  Marine  
  26  2:44  Siege Tank  
  31  2:53  Supply Depot  
  31  2:55  Starport Reactor  
  30  2:58  Marine  
  31  3:19  Marine, Siege Tank  
  35  3:31  Supply Depot  
  35  3:32  Viking x2  
  39  3:37  Marine  
  40  3:51  Siege Tank  
  43  3:56  Marine  
  43  4:02  Liberator  
  47  4:16  Viking  
  49  4:44  Marine  
  50  4:47  Command Center  
  50  4:51  Siege Tank  
  53  4:54  Viking  
  56  5:05  Marine  
  58  5:24  Siege Tank  
  67  6:05  Refinery  
Spawning Tool Build Advisor. Get it on Overwolf

Go to:

Details

  • Created by: Morpheus1125
  • Published on: Apr 04, 2021
  • Modified on: Apr 05, 2021
  • Patch: 4.11.0
  • Difficulty: Medium
Show
View Real Time Build Order
Export as new Build Order

Comments (0)

There are no comments. Be the first!

Create an account to comment!